 Dungeon Crawl Stone Soup version 0.20-a0-957-g47ad1fd (webtiles) character file.

12489 JeffiDaFish the Grappler (level 11, -1/100 HPs)
             Began as a Troll Fighter on Apr 6, 2017.
             Slain by a black mamba (13 damage)
             ... on level 3 of the Lair of Beasts.
             The game lasted 00:19:51 (9097 turns).

JeffiDaFish the Grappler (Troll Fighter)            Turns: 9097, Time: 00:19:52

Health: -1/100     AC:  5    Str: 26    XL:     11   Next: 63%
Magic:  10/10      EV: 13    Int:  4    God:
Gold:   383        SH: 12    Dex: 12    Spells: 10/10 levels left

rFire    . . .     SeeInvis .     - Unarmed
rCold    . . .     Gourm    +   b - +1 shield
rNeg     . . .     Faith    .   a - +0 robe
rPois    +         Spirit   .   (helmet restricted)
rElec    .         Reflect  .   (no cloak)
rCorr    .         Harm     .   (gloves unavailable)
MR       +....                  (boots unavailable)
Stlth    ++........             (no amulet)
Regen    0.7/turn               k - ring of poison resistance
MPRegen  0.2/turn               l - ring of protection from magic

@: lethally poisoned (-1 -> -1)
A: unfitting armour, claws 3, fast metabolism 3, gourmand, regeneration 1,
shaggy fur 1, tough skin 2
a: no special abilities


You were on level 3 of the Lair of Beasts.
You were completely stuffed.

You visited 3 branches of the dungeon, and saw 13 of its levels.

You collected 383 gold pieces.

Inventory:

Armour
 a - a +0 robe (worn)
 b - a +1 shield (worn)
Jewellery
 k - a ring of poison resistance (left claw)
 l - a ring of protection from magic (right claw)
 o - an uncursed ring of protection from fire
Wands
 p - a wand of iceblast (12/15)
 r - a wand of iceblast (4/15)
 u - a wand of iceblast (7/15)
Scrolls
 c - a scroll of enchant weapon
 e - 3 scrolls of teleportation
 f - 7 scrolls of remove curse
 h - 8 scrolls of identify
 i - 2 scrolls of magic mapping
 q - 2 scrolls of fear
 t - 2 scrolls of immolation
 w - a scroll of fog
Potions
 n - 2 potions of brilliance
 s - a potion of cancellation
 v - a potion of curing
Books
 x - a book of Misfortune

   Spells                             Type                      Level
   a - Confusing Touch                Hexes                        1
   b - Confuse                        Hexes                        3
   c - Gell's Gravitas                Translocation                3
   d - Petrify                        Transmutation/Earth          4
   e - Metabolic Englaciation         Hexes/Ice                    5
   f - Yara's Violent Unravelling     Hexes/Transmutation          5
Comestibles
 d - 10 bread rations
 g - 3 royal jellies
 j - 5 meat rations
 m - 11 fruits


   Skills:
 + Level 4.1 Fighting
 * Level 7.4 Dodging
 + Level 2.4 Stealth
 + Level 8.1 Shields
 + Level 12.7 Unarmed Combat


You had 10 spell levels left.
You didn't know any spells.

Dungeon Overview and Level Annotations

Branches:
Dungeon (9/15)             Temple (1/1) D:6            Lair (3/6) D:8
  Snake (0/4) Lair:2
  Swamp: Lair:2-4    Shoals: Lair:2-4       Orc: D:9-12

Altars:
Ashenzari
Cheibriados
Dithmenos
Elyvilon
Fedhas
Gozag
Hepliaklqana
Kikubaaqudgha
Makhleb
Nemelex Xobeh
Okawaru
Qazlal
Ru
Sif Muna
Trog
Uskayaw
Vehumet
Wu Jian
Yredelemnul
Zin
The Shining One

Shops:
D:5 [   D:7 =   D:8 (

Annotations:
Lair:3 Rupert


Innate Abilities, Weirdness & Mutations

You are too large for most types of armour.
You have claws for hands.
Your metabolism is lightning-fast.
You like to eat raw meat.
Your natural rate of healing is unusually fast.
You are covered in fur. (AC +1)
You have very tough skin. (AC +2)


Message History

You miss the black mamba.
You feel sick. The black mamba bites you!
* * * LOW HITPOINT WARNING * * *
You scratch the black mamba but do no damage.
The black mamba bites you.
* * * LOW HITPOINT WARNING * * *
You block the black mamba's attack.
You scratch the black mamba.
The black mamba is lightly wounded.
You block the black mamba's attack.
You closely miss the black mamba.
The black mamba is lightly wounded.
You feel sick. The black mamba bites you!
* * * LOW HITPOINT WARNING * * *
You closely miss the black mamba.
The black mamba is lightly wounded.
The black mamba misses you.
You mangle the black mamba!!
The black mamba is heavily wounded.
You feel sick. You block the black mamba's attack. The black mamba bites you!
You die...

### ##### ##.#### #######
###..P#
##..#P.#######..##.###.##..#
#...........................
#..........@S...............
#...##....#...(.............
#...###..###.....###.####...
##..#.......#......#### #P...
#...#P.....#.......#######...
#......................###...
##...#......#.......#........
#..P##..P##......###...#....
##....#.###.......# #..###...


You could see a black mamba.

Vanquished Creatures
  A two-headed ogre (D:8)
  Pikel (D:7)
  3 black mambas
  2 spiny frogs
  A rime drake (Lair:1)
  3 komodo dragons
  3 hippogriffs
  Grinder (D:5)
  A wyvern (Lair:1)
  10 yaks
  2 basilisks (Lair:1)
  A warg (Lair:1)
  Menkaure (D:5)
  Edmund (D:5)
  5 nagas (Lair:2)
  3 water moccasins
  4 porcupines
  2 phantoms (D:4)
  2 orc warriors
  3 black bears
  A sky beast (D:8)
  4 ogres
  16 wolves
  6 crocodiles
  2 big kobolds
  8 bullfrogs
  A gnoll sergeant (D:7)
  A scorpion (D:5)
  A howler monkey (D:8)
  3 crimson imps
  A bullfrog zombie (D:5)
  A jelly (D:6)
  8 orc priests
  4 hounds
  A centaur skeleton (D:6)
  5 orc wizards
  A bullfrog skeleton (D:8)
  2 iguanas
  Jessica (D:2)
  3 worker ants
  7 gnolls
  5 adders
  A shadow imp (D:8)
  An ooze (D:5)
  An adder zombie (D:5)
  3 worms
  4 dart slugs
  6 leopard geckos
  13 orcs
  3 ball pythons
  6 bats
  4 giant cockroaches
  4 goblins
  4 hobgoblins
  9 jackals
  13 kobolds
  2 quokkas
  8 frilled lizards
  A leopard gecko skeleton (D:4)
  4 rats
  2 fungi
  A plant (Lair:1)
222 creatures vanquished.

Vanquished Creatures (others)
  A slave (D:7)
  A crimson imp (D:7)
  A worker ant (D:7)
  2 fungi
  3 plants (Lair:1)
8 creatures vanquished.

Grand Total: 230 creatures vanquished

Notes
Turn   | Place    | Note
-------+----------+-------------------------------------------
     0 | D:1      | JeffiDaFish the Troll Fighter began the quest for the Orb.
     0 | D:1      | Reached XP level 1. HP: 22/22 MP: 0/0
   372 | D:1      | Reached XP level 2. HP: 26/29 MP: 1/1
   488 | D:2      | Found a blossoming altar of Fedhas.
   500 | D:2      | Reached XP level 3. HP: 28/36 MP: 2/2
   625 | D:2      | Noticed Jessica
   647 | D:2      | Killed Jessica
   712 | D:2      | Reached XP level 4. HP: 44/44 MP: 3/3
   844 | D:3      | Reached skill level 3 in Unarmed Combat
   900 | D:3      | Noticed a hand axe
   901 | D:3      | Noticed a dagger
   903 | D:3      | Found a hide-covered altar of Uskayaw.
  1002 | D:3      | Reached XP level 5. HP: 50/50 MP: 4/4
  1749 | D:4      | Found a sacrificial altar of Ru.
  1818 | D:4      | Noticed a phantom
  1855 | D:4      | Killed a phantom
  1855 | D:4      | Reached skill level 4 in Unarmed Combat
  1855 | D:4      | Reached XP level 6. HP: 53/59 MP: 5/5
  2365 | D:5      | Entered Level 5 of the Dungeon
  2482 | D:5      | Reached skill level 5 in Unarmed Combat
  2482 | D:5      | Reached XP level 7. HP: 66/66 MP: 6/6
  2560 | D:5      | Reached skill level 1 in Stealth
  2718 | D:5      | Found Den Samn's Antique Armour Boutique.
  2774 | D:5      | Noticed Edmund
  2778 | D:5      | Noticed Grinder
  2783 | D:5      | Reached skill level 6 in Unarmed Combat
  2787 | D:5      | Killed Edmund
  2811 | D:5      | Killed Grinder
  2811 | D:5      | Reached XP level 8. HP: 74/74 MP: 7/7
  3070 | D:5      | Reached skill level 7 in Unarmed Combat
  3231 | D:5      | Noticed Menkaure
  3236 | D:5      | Killed Menkaure
  3500 | D:6      | Reached skill level 5 in Shields
  3686 | D:6      | Found a staircase to the Ecumenical Temple.
  3715 | Temple   | Entered the Ecumenical Temple
  3962 | D:6      | Found a radiant altar of Vehumet.
  3965 | D:6      | Found a bloodstained altar of Trog.
  3967 | D:6      | Found a basalt altar of Yredelemnul.
  4001 | D:6      | Identified the cursed +0 morningstar "Dofeac" {elec, Str-3 Int+8 Dex-3} (You found it on level 6 of the Dungeon)
  4046 | D:6      | Reached skill level 8 in Unarmed Combat
  4620 | D:7      | Reached XP level 9. HP: 52/81 MP: 8/8
  4631 | D:7      | HP: 3/81 [gnoll/club (4)]
  4782 | D:7      | Found Ihaawn's Jewellery Emporium.
  4861 | D:7      | Reached skill level 9 in Unarmed Combat
  4964 | D:7      | Noticed Pikel
  4975 | D:7      | Killed Pikel
  5359 | D:8      | Found a shadowy altar of Dithmenos.
  5515 | D:8      | Reached skill level 5 in Dodging
  5525 | D:8      | HP: 4/83 [orc warrior/glaive (12)]
  5766 | D:8      | Found a staircase to the Lair.
  5791 | D:8      | Noticed a two-headed ogre
  5801 | D:8      | Killed a two-headed ogre
  5801 | D:8      | Reached skill level 10 in Unarmed Combat
  5802 | D:8      | Reached XP level 10. HP: 76/91 MP: 9/9
  5954 | D:8      | Found Firphaxt's Weapon Boutique.
  6118 | Lair:1   | Entered Level 1 of the Lair of Beasts
  6300 | Lair:1   | Reached skill level 11 in Unarmed Combat
  6728 | Lair:1   | Noticed a black mamba
  6779 | Lair:1   | Killed a black mamba
  6898 | Lair:1   | Noticed a black mamba
  6905 | Lair:1   | Killed a black mamba
  7027 | Lair:1   | Reached XP level 11. HP: 20/98 MP: 10/10
  7029 | Lair:1   | Reached skill level 12 in Unarmed Combat
  8107 | Lair:2   | Found a staircase to the Snake Pit.
  8259 | Lair:2   | HP: 5/100 [wolf (6)]
  8473 | Lair:2   | Noticed a six-headed hydra
  8784 | Lair:3   | Noticed a five-headed hydra
  9018 | Lair:3   | Noticed Rupert
  9045 | Lair:3   | Noticed a seven-headed hydra
  9097 | Lair:3   | Slain by a black mamba

Vault maps used:
D:1:      dpeg_arrival_connections
D:2:      fedhas_altar_2, uniq_jessica
D:3:      dancing_weapons_uskayaw, first_bread
D:4:      lemuel_crystal_altar
D:5:      serial_shops, shop, grunt_ministairs_2, hangedman_decor_opposing,
          st_stairs_9, uniq_edmund, uniq_grinder, uniq_menkaure
D:6:      grunt_temple_overflow_open, minmay_temple_entry_large_hall
D:7:      serial_shops, nicolae_shop_temple_entry_statues_fountains, uniq_pikel
D:8:      grunt_dithmenos_smoke, dpeg_oklobed_lair, serial_shops,
          kennysheep_mini
D:9:      xom_teletrap_fun, uniq_maurice
Temple:   dpeg_chambers_temple
Lair:1:   beast_lair_carwin_large_1, serial_forest, infiniplex_forest_end_3,
          infiniplex_forest_clump_small, infiniplex_forest_end_1,
          infiniplex_forest_straight_2, infiniplex_forest_lined_room_2,
          infiniplex_forest_clump_medium, nicolae_lair_grove_arrangements,
          st_stairs_7, infiniplex_staircase_pool
Lair:2:   minmay_shoals_entry_beasts, minmay_snake_entry_guardpost_medium,
          grunt_megastairs_4
Lair:3:   beast_lair_carwin_large_2, uniq_rupert

Skill      XL: |  1  2  3  4  5  6  7  8  9 10 11 |
---------------+----------------------------------+-----
Shields        | 3 4 5 6 7 8 |  8.1
Dodging        | 3 4 5 6 7 |  7.4
Unarmed Combat | 3 4 5 6 8 10 11 12 | 12.7
Stealth        | 1 2 |  2.4
Fighting       | 3 4 |  4.1

Action                   |  1- 3 |  4- 6 |  7- 9 | 10-12 || total
-------------------------+-------+-------+-------+-------++-------
Melee: Unarmed           |    69 |   107 |   266 |   366 ||   808
  Use: Scroll            |     6 |     4 |     7 |     3 ||    20
       Potion            |     4 |     8 |     2 |     3 ||    17
 Stab: Sleeping          |       |     3 |     3 |     2 ||     8
       Distracted        |       |       |     1 |       ||     1
  Eat: Chunk             |    12 |    15 |    32 |    30 ||    89
Armor: Robe              |    24 |    26 |    46 |    35 ||   131
       Skin              |       |     5 |       |       ||     5
Dodge: Dodged            |    29 |    19 |    78 |   141 ||   267
Block: Shield            |    30 |    36 |   133 |   201 ||   400
